 Dungeon Crawl Stone Soup version 0.29-a0-474-gdfe5cd140f (webtiles) character file.

Game seed: 13161869845165474928

21 Infinimo the Cudgeller (level 2, -4/22 HPs)
             Began as a Demonspawn Gladiator on May 24, 2022.
             Slain by Jessica
             ... wielding a +5 spectral club
              (8 damage)
             ... on level 2 of the Dungeon.
             The game lasted 00:01:26 (1439 turns).

Infinimo the Cudgeller (Demonspawn Gladiator)       Turns: 1439, Time: 00:01:26

Health: -4/22      AC:  7    Str: 12 (14) XL:     2   Next: 62%
Magic:  3/3        EV: 12    Int:  8 (9)  God:
Gold:   81         SH:  0    Dex: 12 (14) Spells: 2/2 levels left

rFire   . . .      SeeInvis .   a - +0 flail
rCold   . . .      Faith    .   (no shield)
rNeg    . . .      Spirit   .   b - +0 leather armour
rPois   .          Reflect  .   c - +0 helmet
rElec   .          Harm     .   (no cloak)
rCorr   .          Rampage  .   (no gloves)
Will    .....                   h - +2 pair of boots
Stlth   +.........              (no amulet)
HPRegen 0.07/turn               (no ring)
MPRegen 0.08/turn               (no ring)

@: slowed, very slow
A: hooves 1
a: no special abilities


You were on level 2 of the Dungeon.
You visited 1 branch of the dungeon, and saw 2 of its levels.

You collected 81 gold pieces.

Inventory:

Hand Weapons
 a - a +0 flail (weapon)
Missiles
 d - 3 throwing nets (quivered)
 e - a javelin
Armour
 b - a +0 leather armour (worn)
 c - a +0 helmet (worn)
 h - a +2 pair of boots (worn)
Jewellery
 i - a ring of protection from fire
Scrolls
 g - 2 scrolls of identify {unknown}
 k - a scroll of enchant armour {unknown}
 l - a scroll of noise {unknown}
Potions
 j - a potion of heal wounds


   Skills:
 + Level 2.2 Fighting
 * Level 3.1 Maces & Flails
 - Level 1.7 Throwing
 + Level 2.9 Dodging
 + Level 0.6 Spellcasting


You had 2 spell levels left.
You didn't know any spells.
Your spell library was empty.

Dungeon Overview and Level Annotations

Branches:
Dungeon (2/15)

Altars:

Annotations:
D:2 Jessica


Innate Abilities, Weirdness & Mutations

You have large cloven feet.


Message History

A giant cockroach comes into view.
A giant cockroach is nearby!
A giant cockroach is nearby!
The giant cockroach bites you.
You sock the giant cockroach!
You kill the giant cockroach!
No target in view!
Magic restored.
Jessica the Apprentice Sorceress comes into view.
She is wielding a +5 spectral club.
Jessica shouts!
You hear a shout!
Jessica mumbles some strange words.
Jessica seems to speed up.
Jessica is nearby!
Jessica is nearby!
Jessica casts a spell at you.
You feel yourself slow down.
Jessica hits you with a +5 spectral club.
Jessica closely misses you.
A goblin comes into view. It is wielding a +0 dagger.
Jessica completely misses you.
The goblin shouts!
Jessica gestures wildly while chanting.
Jessica blinks!
Jessica gestures at you while chanting. Pain shoots through your body!
It was a potion of degeneration.
There was something very wrong with that liquid.
You feel weakened.
You feel dopey.
You feel clumsy.
It was a potion of heal wounds.
You feel much better.
Jessica gestures wildly.
Jessica barely misses you. Jessica closely misses you.
Jessica hits you with a +5 spectral club.
You sock Jessica!
Jessica is almost dead.
Jessica hits you with a +5 spectral club.
The goblin hits you with a +0 dagger.
Jessica hits you with a +5 spectral club.
* * * LOW HITPOINT WARNING * * *
Jessica hits you with a +5 spectral club!
You die...

.. .. #. .#
###. .#
...###.######
#......#.[..
##...g.......
#....@@......
#.$..........
#............
#...†.......$
#!...........
##...........
##....)#....
##...######
#....#.#


You could see Jessica (fast) and a goblin.

Vanquished Creatures
  2 bats (D:1)
  An endoplasm (D:1)
  2 giant cockroaches (D:2)
  2 goblins (D:1)
  2 hobgoblins
  4 kobolds (D:1)
  2 frilled lizards (D:1)
  4 rats
19 creatures vanquished.

Notes
Turn   | Place    | Note
-------+----------+-------------------------------------------
     0 | D:1      | Infinimo the Demonspawn Gladiator began the quest for the
                  | Orb.
     0 | D:1      | Reached XP level 1. HP: 16/16 MP: 1/1
    21 | D:1      | Found a faded altar of an unknown god.
   433 | D:1      | Gained mutation: You have large cloven feet. [demonic
                  | ancestry]
   433 | D:1      | Reached XP level 2. HP: 22/22 MP: 2/2
   481 | D:1      | Reached skill level 3 in Maces & Flails
  1430 | D:2      | Noticed Jessica
  1439 | D:2      | Slain by Jessica

Illustrated notes

Levels and vault maps discovered:
D:1:      erik_arrival_blinker_ship, layout_basic, serial_co_window_serial,
          co_window_cross_1, co_window_of_opportunity_a, co_window_corner_a,
          co_window_of_opportunity_a, co_window_paths_b,
          co_window_unsneaky_path_c, co_window_2corner, co_window_broadway_c,
          co_window_2corner, co_window_unsneaky_path_c, co_window_sun,
          glass_columns_c, glass_columns_b, ebering_ecumenical_altar_abandoned,
          hangedman_feature_mirror
D:2:      cheibrodos_greedy_goblins, layout_rooms, uniq_natasha, uniq_jessica

Skill      XL: |  1  2 |
---------------+-------+-----
Maces & Flails | 3 |  3.1
Fighting       | |  2.2
Throwing       | |  1.7
Dodging        | |  2.9
Spellcasting   | |  0.6

Action                   || total
-------------------------++-------
Melee: Flail             ||    53
  Use: Potion            ||     2
Armor: Leather armour    ||    19
Dodge: Dodged            ||    39

Table legend: (Time is in decaauts)
 A = Elapsed time spent in this place.
 B = Non-inter-level travel time spent in this place.
 C = Inter-level travel time spent in this place.
 D = Time resting spent in this place.
 E = Time spent auto-exploring this place.
 F = Levels seen in this place.
 G = Mean time per level.
                   A        B        C        D        E       F      G
               +--------+--------+--------+--------+--------+-----+--------+
         Total |   1455 |   1313 |    142 |      0 |   1170 |   2 |  727.5 |
       Dungeon |   1455 |   1313 |    142 |      0 |   1170 |   2 |  727.5 |
               +--------+--------+--------+--------+--------+-----+--------+

Top non-repeatable levels by time:
     D:1: 1344 daAuts
     D:2: 111 daAuts
